Description

1.采集波次的红点多为随机位置刷新,固定刷新的已标注。 详细信息请参考:https://bbs.nga.cn/read.php?tid=17265336&forder_by=postdatedesc&rand=273

Build Order

Get SALT Encoding   

  1  3:00  Action 右上红点  
  2  4:40  Action 采集波次1,2个红点  
  2  5:00  Action 1.1  
  2  5:25  Action 1.2  
  3  7:55  Action 采集波次2,4个红点  
  3  8:15  Action 2.1  
  3  8:35  Action 2.2  
  3  8:55  Action 2.3  
  3  9:15  Action 2.4  
  4  10:00  Action 左红点  
  5  12:00  Action 采集波次3,6个红点1  
  5  12:25  Action 3.1  
  5  12:45  Action 3.2  
  5  13:05  Action 3.3  
  5  13:25  Action 3.4  
  5  13:45  Adept 3.5  
  5  14:05  Action 3.6  
  6  15:30  Action 右红点  
  7  18:08  Action 采集波次4  
Spawning Tool Build Advisor. Get it on Overwolf

Go to:

Details

  • Created by: DCpro
  • Published on: Aug 07, 2021
  • Modified on: Aug 07, 2021
  • Patch: 4.11.0
  • Difficulty: Medium
Show
View Real Time Build Order
Export as new Build Order

Comments (0)

There are no comments. Be the first!

Create an account to comment!